 Dungeon Crawl Stone Soup version 0.26-a0-646-g5d77183 (webtiles) character file.

Game seed: 10379394192361067648

3091 AGayBaby the Cleaver (level 9, -1/78 HPs)
             Began as a Minotaur Fighter on Sept 24, 2020.
             Was a Priest of Okawaru.
             Slain by Harold
             ... wielding a +0 short sword
              (15 damage)
             ... on level 1 of the Lair of Beasts.
             The game lasted 00:17:57 (8067 turns).

AGayBaby the Cleaver (Minotaur Fighter)             Turns: 8067, Time: 00:17:58

Health: -1/78      AC: 17    Str: 25    XL:     9   Next: 59%
Magic:  8/8        EV:  7    Int:  5    God:    Okawaru [***...]
Gold:   394        SH: 11    Dex:  9    Spells: 8/8 levels left

rFire    . . .     SeeInvis .   a - +0 war axe
rCold    . . .     Faith    .   c - +0 kite shield
rNeg     . . .     Spirit   .   z - +0 plate armour
rPois    .         Reflect  .   (helmet restricted)
rElec    .         Harm     .   (no cloak)
rCorr    .         Rampage  .   w - +0 pair of gloves
MR       .....                  p - +1 pair of boots
Stlth    ..........             (no amulet)
HPRegen  0.23/turn              (no ring)
MPRegen  0.11/turn              (no ring)

@: marked
A: retaliatory headbutt, horns 2
a: Heroism, Renounce Religion


You were on level 1 of the Lair of Beasts.
You worshipped Okawaru.
Okawaru was most pleased with you.
You visited 3 branches of the dungeon, and saw 12 of its levels.

You collected 448 gold pieces.
You spent 54 gold pieces at shops.

Inventory:

Hand Weapons
 a - a +0 war axe (weapon)
Missiles
 A - 5 boomerangs of dispersal (quivered)
Armour
 c - a +0 kite shield (worn)
 p - a +1 pair of boots (worn)
 w - a +0 pair of gloves (worn)
 z - a +0 plate armour (worn)
Wands
 u - a wand of polymorph (16)
 x - a wand of disintegration (13)
 y - a wand of random effects (20)
 E - a wand of acid (7)
Scrolls
 b - 2 scrolls of blinking {unknown}
 f - a scroll of random uselessness {unknown}
 h - a scroll of amnesia {unknown}
 i - 2 scrolls of remove curse
 j - 5 scrolls of identify
 l - 3 scrolls of teleportation
 r - a scroll of fog {unknown}
 s - 2 scrolls of immolation {unknown}
 t - 2 scrolls of enchant armour {unknown}
 v - a scroll of fear {unknown}
Potions
 d - a potion of might
 e - a potion of ambrosia {unknown}
 g - 2 potions of resistance
 k - 3 potions of stabbing
 m - a potion of flight {unknown}
 n - 2 potions of heal wounds {unknown}
 o - a potion of magic {unknown}
 q - 3 potions of curing
 B - 3 potions of mutation {unknown}
 C - a potion of lignification {unknown}
 D - a potion of brilliance {unknown}


   Skills:
 + Level 6.5 Fighting
 + Level 9.7 Axes
 + Level 8.4 Armour
 + Level 3.7 Dodging
 + Level 1.3 Stealth
 + Level 8.4 Shields


You had 8 spell levels left.
You didn't know any spells.
Your spell library was empty.

Dungeon Overview and Level Annotations

Branches:
Dungeon (10/15)            Temple (1/1) D:4            Lair (1/6) D:8
    Orc: D:9-12

Altars:
Ashenzari
Elyvilon
Fedhas
Gozag
Hepliaklqana
Kikubaaqudgha
Makhleb
Nemelex Xobeh
Okawaru
Qazlal
Ru
Trog
Wu Jian
Xom
Yredelemnul
Zin

Shops:
D:4 *

Annotations:
D:7 1 runed translucent door
Lair:1 Harold


Innate Abilities, Weirdness & Mutations

You reflexively headbutt those who attack you in melee.
You have a pair of horns on your head.


Message History

The blink frog barely misses you. You furiously retaliate!
You headbutt the blink frog, but do no damage.
Harold points at you and mumbles some strange words.
A sentinel's mark forms upon you.
The blink frog hits you but does no damage.
You are too injured to fight recklessly!
You are too injured to fight recklessly!
You shred the net and break free! You block the blink frog's attack.
Harold closely misses you. You block the blink frog's attack.
The blink frog misses you.
The blink frog hits you but does no damage.
You hit Harold. You headbutt Harold.
Harold is heavily wounded.
You hit the blink frog. You slash the blink frog!
You hit the blink frog but do no damage.
The blink frog closely misses you. You furiously retaliate!
You headbutt the blink frog.
The blink frog blinks!
The blink frog hits you but does no damage.
Harold hits you with a +0 short sword!
You die...

###
.######P####
..(........
..........##
$..........#
......F...#
......F@@F#
......§r..P#
.#.###...P##
#....#
.....#
#.....#
......#
........


You could see Harold, 3 blink frogs and a porcupine.

Vanquished Creatures
  Psyche (D:8)
  A soldier ant (D:7)
  An orc warrior (D:6)
  3 sky beasts
  2 ice beasts
  5 phantoms
  2 centaurs (D:7)
  A big kobold (D:4)
  A bullfrog (D:8)
  2 scorpions
  6 killer bees
  3 wights (D:8)
  A centaur zombie (D:6)
  3 hounds
  2 bullfrog zombies
  2 jellies
  2 orc priests (D:4)
  A bullfrog skeleton (D:4)
  An orc wizard (D:6)
  2 centaur skeletons
  9 worker ants
  Robin (D:4)
  10 adders
  3 gnolls (D:3)
  An ooze (D:2)
  3 ufetubi (D:6)
  An adder zombie (D:5)
  2 worms (D:2)
  A dart slug (D:1)
  2 leopard geckos
  24 orcs
  12 giant cockroaches
  12 goblins
  6 hobgoblins
  9 jackals
  4 quokkas
  A ball python (D:5)
  5 bats
  3 frilled lizards
  A jackal skeleton (D:4)
  A jackal zombie (D:7)
  5 kobolds
  A leopard gecko skeleton (D:6)
  6 rats
165 creatures vanquished.

Vanquished Creatures (others)
  2 plants (D:4)
2 creatures vanquished.

Grand Total: 167 creatures vanquished

Notes
Turn   | Place    | Note
-------+----------+-------------------------------------------
     0 | D:1      | AGayBaby the Minotaur Fighter began the quest for the Orb.
     0 | D:1      | Reached XP level 1. HP: 19/19 MP: 0/0
   195 | D:1      | Reached XP level 2. HP: 27/27 MP: 1/1
   595 | D:2      | Reached skill level 3 in Axes
   732 | D:2      | Reached XP level 3. HP: 27/33 MP: 2/2
  2107 | D:3      | Reached skill level 1 in Dodging
  2107 | D:3      | Reached XP level 4. HP: 37/40 MP: 3/3
  2110 | D:3      | Reached skill level 4 in Axes
  2794 | D:4      | Reached XP level 5. HP: 20/46 MP: 4/4
  2810 | D:5      | Entered Level 5 of the Dungeon
  2821 | D:4      | Reached skill level 5 in Axes
  3055 | D:4      | Found a staircase to the Ecumenical Temple.
  3083 | Temple   | Entered the Ecumenical Temple
  3137 | Temple   | Became a worshipper of Warmaster Okawaru
  3168 | D:4      | Found Sor Fomi's General Store.
  3174 | D:4      | Noticed Robin
  3225 | D:4      | Reached XP level 6. HP: 31/52 MP: 5/5
  3227 | D:4      | Killed Robin
  3228 | D:4      | Reached skill level 5 in Armour
  3615 | D:4      | Reached * piety under Okawaru
  3615 | D:4      | Reached skill level 5 in Shields
  3851 | D:4      | Bought a potion of curing for 36 gold pieces
  3851 | D:4      | Bought a cursed +0 pair of gloves for 18 gold pieces
  3894 | D:4      | Found a burning altar of Makhleb.
  3894 | D:4      | Noticed a cacodemon
  3897 | D:4      | Noticed a hellwing
  3897 | D:4      | Noticed a ynoxinul
  4114 | D:7      | Reached skill level 6 in Axes
  4135 | D:7      | Reached XP level 7. HP: 21/60 MP: 6/6
  5127 | D:5      | Reached ** piety under Okawaru
  5127 | D:5      | Reached skill level 5 in Fighting
  5127 | D:5      | Reached skill level 7 in Axes
  5127 | D:5      | Reached XP level 8. HP: 67/68 MP: 7/7
  5380 | D:6      | Reached skill level 1 in Stealth
  5506 | D:6      | Noticed a hornet
  5513 | D:6      | Paralysed by a hornet for 3 turns
  5517 | D:6      | HP: 3/69 [poisoned by a hornet]
  5518 | D:6      | HP: 1/69 [poisoned by a hornet]
  5824 | D:6      | Reached skill level 8 in Axes
  6336 | D:7      | Found a runed translucent door.
  6337 | D:7      | Found a runed translucent door.
  6364 | D:7      | Reached *** piety under Okawaru
  6563 | D:7      | Reached XP level 9. HP: 63/75 MP: 8/8
  6889 | D:10     | Entered Level 10 of the Dungeon
  7330 | D:8      | Noticed Psyche
  7343 | D:8      | Killed Psyche
  7343 | D:8      | Reached skill level 9 in Axes
  8049 | D:8      | Found a staircase to the Lair.
  8054 | Lair:1   | Entered Level 1 of the Lair of Beasts
  8054 | Lair:1   | Noticed Harold
  8067 | Lair:1   | Slain by Harold

Illustrated notes

Levels and vault maps discovered:
D:1:      erik_arrival_orb_chamber, layout_basic
D:2:      layout_basic
D:3:      layout_loops_ring
D:4:      layout_cave_pools, minmay_temple_entry_gardened_gates, serial_shops,
          nicolae_shop_window_shopping, makhleb_altar_promises_db, uniq_robin
D:5:      layout_loops_cross
D:6:      layout_gridville, chequers_garden
D:7:      lemuel_insect_pit, layout_layer_cave
D:8:      layout_basic, tgw_sif, lair_entry_dummy, uniq_psyche
D:9:      layout_stronghold, serial_shops, nicolae_shop_statue_plus,
          evilmike_butchery
D:10:     layout_gridville
Temple:   nicolae_temple_the_god_donut
Lair:1:   layout_chaotic_city, lemuel_fruit_fields, uniq_harold

Skill      XL: |  1  2  3  4  5  6  7  8  9 |
---------------+----------------------------+-----
Shields        | 4 5 7 8 |  8.4
Axes           | 3 4 5 6 7 8 9 |  9.7
Armour         | 4 5 6 7 8 |  8.4
Dodging        | 1 2 3 |  3.7
Fighting       | 4 5 6 |  6.5
Stealth        | 1 |  1.3

Action                   |  1- 3 |  4- 6 |  7- 9 || total
-------------------------+-------+-------+-------++-------
Melee: War axe           |    66 |   132 |   323 ||   521
       Headbutt          |     8 |    22 |    48 ||    78
  Use: Scroll            |       |     4 |     1 ||     5
       Potion            |       |       |     2 ||     2
Armor: Scale mail        |    24 |    73 |    58 ||   155
       Plate armour      |       |       |   151 ||   151
Dodge: Dodged            |    22 |    61 |   100 ||   183
Block: Kite shield       |    27 |    88 |   196 ||   311

Table legend: (Time is in decaauts)
 A = Elapsed time spent in this place.
 B = Non-inter-level travel time spent in this place.
 C = Inter-level travel time spent in this place.
 D = Time resting spent in this place.
 E = Time spent auto-exploring this place.
 F = Levels seen in this place.
 G = Mean time per level.
                   A        B        C        D        E       F      G
               +--------+--------+--------+--------+--------+-----+--------+
         Total |   8215 |   7965 |    250 |      0 |   6195 |  12 |  684.6 |
       Dungeon |   8121 |   7894 |    227 |      0 |   6156 |  10 |  812.1 |
        Temple |     80 |     57 |     23 |      0 |     39 |   1 |   80.0 |
          Lair |     13 |     13 |      0 |      0 |      0 |   1 |   13.0 |
               +--------+--------+--------+--------+--------+-----+--------+

Top non-repeatable levels by time:
     D:2: 1483 daAuts
     D:6: 1080 daAuts
     D:4: 1057 daAuts
     D:8: 1031 daAuts
     D:7: 957 daAuts
     D:5: 942 daAuts
     D:3: 905 daAuts
     D:1: 602 daAuts
  Temple: 80 daAuts
     D:9: 39 daAuts
    D:10: 21 daAuts
  Lair:1: 13 daAuts
